 Dungeon Crawl Stone Soup version 0.32-a0-921-g04a7ad8e02 (webtiles) character file.

Game seed: 4618655401541401796

42 DEFE the Chopper (level 3, -7/29 HPs)
             Began as a Coglin Fighter on Apr 11, 2024.
             Killed by nerve-wracking pain
             ... invoked by Jessica
              (14 damage)
             ... on level 2 of the Dungeon.
             The game lasted 00:00:50 (1103 turns).

DEFE the Chopper (Coglin Fighter)                   Turns: 1103, Time: 00:00:50

Health: -7/29      AC:  6    Str: 18    XL:     3   Next: 54%
Magic:  3/3        EV:  8    Int:  7    God:
Gold:   48         SH:  0    Dex: 13    Spells: 2/2 levels left

rFire   . . .        a - +0 war axe {Mishil}
rCold   . . .        k - +0 short sword (speed) {Ming}
rNeg    . . .        b - +0 scale mail
rPois   .            (no helmet)
rElec   .            (no cloak)
rCorr   .            (no gloves)
SInv    .            (no boots)
Will    .....        (amulet unavailable) Stlth
                     (ring unavailable)
HPRegen 0.24/turn    (ring unavailable)
MPRegen 0.08/turn    (no gizmo)

%: no passive effects
@: lethally poisoned (-7 -> -13), revving
A: off-hand wielding, slow wielding, warmup strikes, no jewellery
a: Invent Gizmo


You were on level 2 of the Dungeon.
You visited 1 branch of the dungeon, and saw 2 of its levels.

You collected 48 gold pieces.

Inventory:

Hand Weapons
 a - a +0 war axe (weapon) {Mishil}
 k - a +0 short sword of speed (offhand) {Ming}
Armour
 b - a +0 scale mail (worn)
 c - a +0 buckler
Scrolls
 e - 3 scrolls of teleportation {unknown}
 g - a scroll of enchant armour {unknown}
 h - a scroll of blinking {unknown}
 i - a scroll of silence {unknown}
 j - a scroll of identify {unknown}
Potions
 d - a potion of might
 f - a potion of curing {unknown}
 l - a potion of lignification {unknown}


   Skills:
 - Level 3.0 Fighting
 + Level 3.8 Axes
 - Level 2.6 Armour
 - Level 2.1 Shields


You had 2 spell levels left.
You didn't know any spells.
Your spell library contained the following spells:

 Spells                   Type           Power      Damage    Failure   Level
 Call Canine Familiar     Summ           0%         N/A       99%         3
 Sigil of Binding         Hex            0%         N/A       99%         3
 Dimensional Bullseye     Hex/Tloc       0%         N/A       100%        4


Dungeon Overview and Level Annotations

Branches:
Dungeon (2/15)

Altars:

Annotations:
D:2 Jessica


Innate Abilities, Weirdness & Mutations

You can wield a second weapon in your off-hand.
It takes a long time for you to wield or remove held weapons.
Your first few attacks do less damage.
You cannot equip rings or amulets.


Message History

You now have 48 gold pieces (gained 7).
You see here a +0 dagger.
Jessica the Apprentice Sorceress comes into view.
She is wielding a +2 dagger of venom.
Jessica shouts!
Jessica casts a spell.
Jessica seems to speed up.
Jessica is nearby!
Jessica points at you and mumbles some strange words.
You resist with some effort. Jessica casts a spell at you.
Pain shoots through your body!
You completely miss Jessica with your +0 war axe.
You barely miss Jessica with your +0 short sword of speed.
Jessica hits you with a +2 dagger of venom.
You are poisoned.
You are too injured to fight recklessly!
You are too injured to fight recklessly!
You are too injured to fight recklessly!
You are too injured to fight recklessly!
You are too injured to fight recklessly!
You are too injured to fight recklessly!
You are too injured to fight recklessly!
You are too injured to fight recklessly!
You are too injured to fight recklessly!
You are too injured to fight recklessly!
You are too injured to fight recklessly!
Unknown command.
You barely miss Jessica with your +0 war axe.
You barely miss Jessica with your +0 short sword of speed.
You feel very sick. Jessica closely misses you.
Jessica gestures wildly while chanting.
Jessica blinks!
Found a fizzy sapphire potion.
You feel sick.
Unknown command.
* * * LOW HITPOINT WARNING * * *
You feel sick. Jessica casts a spell at you. Pain shoots through your body!
You die...

##. ..# .. .. ..# ... #. ..#
#.##.##..# ........# #.....!#
### #.....# .. ..####.@# ###.#
#### .###.......#######...#
...###.#"..................#
##.......##................#
##........................#
###.........@..............#
...........................###
..#..........................#
###.............####..####.#.#


You could see Jessica (fast).

Vanquished Creatures
  A ribbon worm (D:2)
  3 bats
  5 endoplasms
  2 giant cockroaches
  3 hobgoblins
  7 kobolds
  2 quokkas (D:2)
  3 ball pythons (D:2)
  2 frilled lizards (D:2)
  2 goblins (D:2)
  6 rats (D:1)
36 creatures vanquished.

Notes
Turn   | Place    | Note
-------+----------+-------------------------------------------
     0 | D:1      | DEFE the Coglin Fighter began the quest for the Orb.
     0 | D:1      | Reached XP level 1. HP: 18/18 MP: 1/1
   160 | D:1      | Found a faded altar of an unknown god.
   210 | D:1      | Reached XP level 2. HP: 17/24 MP: 2/2
   882 | D:2      | Reached XP level 3. HP: 29/29 MP: 3/3
  1096 | D:2      | Noticed Jessica
  1103 | D:2      | Killed from afar by Jessica

Illustrated notes

Levels and vault maps discovered:
D:1:      dpeg_arrival_refuge, layout_loops_corners, basic_ecumenical_altar
D:2:      layout_rooms, hangedman_abyss_or_decor_lesser_grid, uniq_jessica,
          uniq_crazy_yiuf_cottage

Skill      XL: |  1  2 |
---------------+-------+-----
Axes           | 3 |  3.8
Fighting       | |  3.0
Armour         | |  2.6
Shields        | |  2.1

Action                     || total
---------------------------++-------
  Melee: War axe           ||    76
         Short sword       ||    12
 Armour: Scale mail        ||    55
  Dodge: Dodged            ||    34
  Block: Buckler           ||    18

Table legend: (Time is in decaauts)
 A = Elapsed time spent in this place.
 B = Non-inter-level travel time spent in this place.
 C = Inter-level travel time spent in this place.
 D = Time resting spent in this place.
 E = Time spent auto-exploring this place.
 F = Levels seen in this place.
 G = Mean time per level.
                   A        B        C        D        E       F      G
               +--------+--------+--------+--------+--------+-----+--------+
         Total |   1125 |   1089 |     36 |      0 |    861 |   2 |  562.5 |
       Dungeon |   1125 |   1089 |     36 |      0 |    861 |   2 |  562.5 |
               +--------+--------+--------+--------+--------+-----+--------+

Top non-repeatable levels by time:
     D:1: 890 daAuts
     D:2: 235 daAuts
